 Dungeon Crawl Stone Soup version 0.31-a0-210-gccc998df9b (webtiles) character file.

Game seed: 12529815164998480005

54 qw the Shooter (level 3, -1/21 HPs)
             Began as a Gargoyle Hexslinger on June 29, 2023.
             Slain by a jackal (3 damage)
             ... on level 2 of the Dungeon.
             The game lasted 00:00:27 (816 turns).

qw the Shooter (Gargoyle Hexslinger)                 Turns: 816, Time: 00:00:28

Health: -1/21      AC:  5    Str:  9    XL:     3   Next: 91%
Magic:  4/4        EV: 12    Int: 13    God:
Gold:   34         SH:  0    Dex: 14    Spells: 3/4 levels left

rFire   . . .        Y - +2 sling
rCold   . . .        (no shield)
rNeg    + . .        c - +0 robe
rPois   inf          (helmet restricted)
rElec   +            (no cloak)
rCorr   .            (no gloves)
SInv    .            (no boots)
Will    .....        (no amulet)
Stlth   +            (no ring)
HPRegen 0.23/turn    (no ring)
MPRegen 0.09/turn

%: no passive effects
@: no status effects
A: sickness immunity, AC +3, negative energy resistance 1, electricity
resistance, torment resistance 1, petrification resistance, horns 1, weak 1
a: no special abilities


You were on level 2 of the Dungeon.
You visited 1 branch of the dungeon, and saw 2 of its levels.

You collected 34 gold pieces.


Innate Abilities, Weirdness & Mutations

You are immune to sickness and miasma.
Your stone body is resilient. (AC +3)
You are immune to poison.
You resist negative energy. (rN+)
You are resistant to electric shocks. (rElec)
You are resistant to unholy torment.
You are immune to petrification.
You have a pair of small horns on your head.
You are weak. (Str -2)


   Skills:
 - Level 2.0 Fighting
 + Level 3.7 Ranged Weapons
 - Level 1.5 Dodging
 - Level 1.0 Spellcasting
 - Level 2.6 Hexes


You had 3 spell levels left.
You knew the following spells:

 Your Spells              Type           Power      Damage    Failure   Level
a - Slow                  Hex            28%        N/A       10%         1

Your spell library contained the following spells:

 Spells                   Type           Power      Damage    Failure   Level
 Inner Flame              Hex/Fire       4%         N/A       43%         3
 Portal Projectile        Hex/Tloc       8%         N/A       43%         3
 Cause Fear               Hex            3%         N/A       67%         4

Inventory:

Hand Weapons
 Y - a +2 sling (weapon)
Armour
 c - a +0 robe (worn)
Potions
 a - a potion of might {unknown}
 b - a potion of brilliance {unknown}
 d - a potion of mutation
 e - a potion of invisibility {unknown}

Dungeon Overview and Level Annotations

Branches:
Dungeon (2/15)

Altars:

Shops:
D:1 (


Message History

The sling bullet barely misses the jackal.
The jackal closely misses you. x2; The jackal misses you.
The jackal bites you but does no damage.
The jackal closely misses you.
The jackal bites you but does no damage.
You shoot a sling bullet.
The sling bullet closely misses the jackal.
The jackal bites you. The jackal closely misses you.
The jackal barely misses you. The jackal misses you.
The jackal closely misses you. x2
You shoot a sling bullet.
The sling bullet closely misses the jackal.
The jackal misses you.
The jackal bites you but does no damage. x2
You shoot a sling bullet. The sling bullet hits the jackal.
The jackal is almost dead.
The jackal misses you. x2; The jackal closely misses you.
The jackal barely misses you. The jackal closely misses you.
The jackal barely misses you.
You shoot a sling bullet.
The sling bullet barely misses the jackal.
The jackal misses you. The jackal barely misses you.
The jackal bites you but does no damage. x4
You shoot a sling bullet.
The sling bullet closely misses the jackal.
The jackal barely misses you. x2; The jackal bites you.
The jackal completely misses you.
You shoot a sling bullet. The sling bullet hits the jackal!
You kill the jackal!
The jackal bites you but does no damage.
The jackal bites you. The jackal barely misses you.
You shoot a sling bullet. The sling bullet hits the jackal.
The jackal is heavily wounded.
The jackal barely misses you. The jackal misses you.
The jackal barely misses you. The jackal closely misses you.
You shoot a sling bullet.
The sling bullet hits the jackal but does no damage.
The jackal is heavily wounded.
The jackal bites you.
You die...

##...$.....
.........
###.......##
...........
........##
#...%.?.
#..hh%#
#...@######.#
#...........#
#..#..#######
#..%.<#...
#...####.#
#......#.#
##...###.#
######.###.#
............#


You could see 2 jackals.

Vanquished Creatures
  A worm (D:2)
  3 dart slugs (D:1)
  2 ball pythons (D:1)
  4 bats (D:1)
  6 endoplasms
  A giant cockroach (D:1)
  4 goblins (D:1)
  4 hobgoblins (D:1)
  6 jackals (D:2)
  A kobold (D:1)
  A quokka (D:1)
  A frilled lizard (D:1)
  4 rats (D:1)
38 creatures vanquished.

Notes
Turn   | Place    | Note
-------+----------+-------------------------------------------
     0 | D:1      | qw the Gargoyle Hexslinger began the quest for the Orb.
     0 | D:1      | Reached XP level 1. HP: 12/12 MP: 2/2
     0 | D:1      | 0 ||| qw: Version: 0.3-a-24-ga2abf7b
     0 | D:1      | 0 ||| qw: Game counter: 6810
     0 | D:1      | 0 ||| qw: Melee chars always use a shield: true
     0 | D:1      | 0 ||| qw: God list: Okawaru
     0 | D:1      | 0 ||| qw: Allow faded altars: false
     0 | D:1      | 0 ||| qw: Do Orc after clearing Dungeon:15 true
     0 | D:1      | 0 ||| qw: Do second Lair branch before Depths: true
     0 | D:1      | 0 ||| qw: Lair rune preference: random
     0 | D:1      | 0 ||| qw: Goals: Normal
     0 | D:1      | 0 ||| PLANNING D:1-11
    66 | D:1      | Reached XP level 2. HP: 16/16 MP: 3/3
   133 | D:1      | Reached skill level 3 in Ranged Weapons
   162 | D:1      | 162 ||| READING scroll labelled TETAT XUYST.
   174 | D:1      | Reached XP level 3. HP: 21/21 MP: 4/4
   442 | D:1      | Found Ahuuf's Antique Weapon Emporium.
   652 | D:1      | 652 ||| READING scroll labelled CYTONAH OTAE.
   653 | D:1      | 653 ||| READING scroll labelled PUVIYC KEOCUSU.
   654 | D:1      | 654 ||| READING scroll labelled FYUWIA AWNUH ODA.
   655 | D:1      | 655 ||| DRINKING 2 fuming white potions.
   655 | D:1      | Gained mutation: You are weak. (Str -2) [potion of
                  | mutation]
   655 | D:1      | Gained mutation: You have a pair of small horns on your
                  | head. [potion of mutation]
   656 | D:1      | 656 ||| DROPPING scroll of poison.
   809 | D:2      | HP: 4/21 [jackal (3)]
   814 | D:2      | HP: 1/21 [jackal (3)]
   816 | D:2      | Slain by a jackal

Levels and vault maps discovered:
D:1:      giann_wishing_wells, layout_rooms, serial_shops,
          nicolae_shop_peninsula, nicolae_concentric_dashed_squares_mild,
          chequers_serial_rivers_large_a, hangedman_decor_push, minmay_3d_cube
D:2:      layout_basic, serial_corexii_hall, corexii_hall_statues_s,
          corexii_hall_statues_l

Skill      XL: |  1  2  3 |
---------------+----------+-----
Ranged Weapons | 3 |  3.7
Fighting       | 2 |  2.0
Dodging        | |  1.5
Spellcasting   | |  1.0
Hexes          | |  2.6

Action                     || total
---------------------------++-------
   Fire: Sling             ||   120
    Use: Scroll            ||     4
         Potion            ||     1
 Armour: Robe              ||    37
  Dodge: Dodged            ||    94

Table legend:
 A = Non-vault XP
 B = Vault XP
 C = Vault XP percentage of total XP
 D = Non-vault monster count
 E = Vault monster count
 F = Vault count percentage of total count
                 A         B        C        D         E       F
            +---------+---------+-------+---------+---------+-------
      Total |      76 |       2 |   2.6 |      37 |       1 |   2.6
            +---------+---------+-------+---------+---------+-------
        D:1 |      57 |       2 |   3.4 |      29 |       1 |   3.3
        D:2 |      19 |       0 |   0.0 |       8 |       0 |   0.0
            +---------+---------+-------+---------+---------+-------
